 Dungeon Crawl Stone Soup version 0.28.0-45-g0d030f2227 (webtiles) character file.

Game seed: 7968659698673687174

1 CuBeRJAN3 the Conjurer (level 1, 0/11 HPs)
             Began as an Octopode Conjurer on Apr 5, 2022.
             Shot themself with a magic dart (5 damage)
             ... on level 1 of the Dungeon.
             The game lasted 00:00:32 (302 turns).

CuBeRJAN3 the Conjurer (Octopode Conjurer)           Turns: 302, Time: 00:00:33

Health: 0/11       AC:  1    Str:  6    XL:     1   Next: 20%
Magic:  0/3        EV: 13    Int: 20    God:
Gold:   23         SH:  0    Dex: 10    Spells: 3/4 levels left

rFire   . . .      SeeInvis .   (no weapon)
rCold   . . .      Faith    .   (no shield)
rNeg    . . .      Spirit   .   (helmet restricted)
rPois   .          Reflect  .   (no amulet)
rElec   .          Harm     .   (no ring)
rCorr   .          Rampage  .   (no ring)
Will    .....                   (no ring)
Stlth   +++.......              (no ring)
HPRegen 0.03/turn               (no ring)
MPRegen 0.08/turn               (no ring)
                                (no ring)
                                (no ring)

@: no status effects
A: almost no armour, amphibious, 8 rings, camouflage 1, gelatinous body 1,
(nimble swimmer 1), tentacles
a: no special abilities


You were on level 1 of the Dungeon.
You visited 1 branch of the dungeon, and saw 1 of its levels.

You collected 23 gold pieces.

Inventory:

Scrolls
 a - a scroll of magic mapping {unknown}


   Skills:
 + Level 0.1 Fighting
 + Level 2.0 Dodging
 + Level 2.7 Stealth
 * Level 2.0 Spellcasting
 + Level 4.0 Conjurations


You had 3 spell levels left.
You knew the following spells:

 Your Spells              Type           Power      Damage    Failure   Level
a - Magic Dart            Conj           72%        1d6       3%          1

Your spell library contained the following spells:

 Spells                   Type           Power      Damage    Failure   Level
 Searing Ray              Conj           36%        2d5       4%          2
 Dazzling Flash           Conj/Hex       20%        N/A       21%         3
 Fulminant Prism          Conj/Hex       5%         3d7       56%         4
 Iskenderun's Mystic Bla  Conj/Tloc      10%        2d4       56%         4


Dungeon Overview and Level Annotations

Branches:
Dungeon (1/15)

Altars:


Innate Abilities, Weirdness & Mutations

You cannot wear most types of armour.
You are amphibious.
You can wear up to eight rings at the same time.
Your skin changes colour to match your surroundings (Stealth+).
Your rubbery body absorbs attacks. (AC +1, EV +1)
((You are camouflaged when in or above water. (Stealth+)))
You have tentacles for arms and can constrict up to eight enemies at once.


Message History

Aiming: Magic Dart (safe; 3% risk of failure)
Press: ? - help, Q - select action Shift-Dir - straight line, f - ball python
Aim: a ball python (asleep, 100% to hit)
The magic dart hits the ball python.
You kill the ball python!
Aiming: Magic Dart (safe; 3% risk of failure)
Press: ? - help, Q - select action Shift-Dir - straight line, f - you That beam is likely to hit you.
Continue anyway?
Okay, then.
Aiming: Magic Dart (safe; 3% risk of failure)
Press: ? - help, Q - select action Shift-Dir - straight line, f - you That beam is likely to hit you.
Continue anyway?
Uppercase [Y]es or [N]o only, please.
That beam is likely to hit you.
Continue anyway?
You miscast Magic Dart.
You are very lightly contaminated with residual magic.
Nothing appears to happen.
Aiming: Magic Dart (safe; 3% risk of failure)
Press: ? - help, Q - select action Shift-Dir - straight line, f - you That beam is likely to hit you.
Continue anyway?
The magic dart hits you.
You start resting.
Your magical contamination has completely faded away.
You start resting.
Magic restored.
You start resting.
HP restored.
Aiming: Magic Dart (safe; 3% risk of failure)
Press: ? - help, Q - select action Shift-Dir - straight line, f - you That beam is likely to hit you.
Continue anyway?
The magic dart hits you.
Aiming: Magic Dart (safe; 3% risk of failure)
Press: ? - help, Q - select action Shift-Dir - straight line, f - you That beam is likely to hit you.
Continue anyway?
The magic dart hits you.
Aiming: Magic Dart (safe; 3% risk of failure)
Press: ? - help, Q - select action Shift-Dir - straight line, f - you That beam is likely to hit you.
Continue anyway?
The magic dart hits you.
You die...

######.########
#..............
######..####### #..#
##.## #.'
###.####..####.#
#########.#............#
........................
#.####.#.......#.......
#@#######.#.###### #.#
#.#.# ########.# #.#..
.........#######.#..
###.............#...
#...............
#.##............
#############


There were no monsters in sight!

Vanquished Creatures
  A ball python (D:1)
1 creature vanquished.

Notes
Turn   | Place    | Note
-------+----------+-------------------------------------------
     0 | D:1      | CuBeRJAN3 the Octopode Conjurer began the quest for the
                  | Orb.
     0 | D:1      | Reached XP level 1. HP: 11/11 MP: 3/3
   302 | D:1      | Shot themself with a magic dart

Illustrated notes

Levels and vault maps discovered:
D:1:      amcnicky_arrival_single_pillar, layout_basic, serial_curves,
          eino_curves_02, eino_curves_02, minmay_domino_4

Action                   || total
-------------------------++-------
 Cast: Magic Dart        ||     4
